Map: Ultralove

Players

Hsuan

  • Race: Terran Terran
  • League: Silver
  • Spawn Location: 1:00

llllllllllll - Winner!

  • Race: Protoss Protoss
  • League: Bronze
  • Spawn Location: 7:00

VOD

Have the link to the VOD?

Description

Time

  • Played on: April 24, 2025, 8:41 a.m.
  • Length: 3:20
Show
View Real Time Build Order
Export as new Build Order

Hsuan Terran 

Build Orders:  

Get SALT Encoding   

  12  0:00  SCV  
  13  0:14  Supply Depot  
  13  0:18  SCV  
  14  0:30  SCV  
  15  0:39  Barracks  
  15  0:42  SCV  
  16  0:54  SCV  
  17  1:12  Command Center  
  17  1:18  SCV  
  18  1:26  Refinery  
  18  1:29  Refinery  
  18  1:30  SCV  
  19  1:41  Bunker  
  19  1:43  SCV  
  20  1:55  SCV  
  20  1:57  Barracks Tech Lab  
  21  2:08  SCV  
  22  2:17  Supply Depot  
  22  2:18  Marine  
  23  2:24  SCV  
  24  2:42  Marine  
  23  2:47  SCV  
  23  3:00  Marine  
Show
View Real Time Build Order
Export as new Build Order

llllllllllll Protoss - Winner!

Build Orders:  

Get SALT Encoding   

  12  0:00  Probe  
  13  0:12  Probe  
  14  0:18  Pylon  
  14  0:24  Probe  
  15  0:36  Gateway  
  15  0:41  Assimilator  
  15  0:49  Pylon  
  15  1:07  Gateway  
  15  1:13  Gateway  
  15  1:26  Cybernetics Core  
  15  1:31  Probe  
  16  1:43  Probe  
  17  1:50  Stalker  
  17  1:51  Stalker  
  21  2:16  Stalker  
  21  2:17  Stalker  
  25  2:32  Pylon  
  25  2:43  Stalker  
  27  2:53  Probe  
  30  3:05  Probe  
Tags
 
Matchup
PvT
Replay Pack
kreditionep1
Spawn Locations
Cross Positions
Add a new tag
Caveats
  • Supply blocks, unpowered buildings, or Contaminate may cause inaccurate times.
  • Supply counts are checked every 10 seconds.